Map: Pillars of Gold LE

Players

Nina - Winner!

  • Race: Protoss Protoss
  • League: Grandmaster
  • Spawn Location: 1:00

PiLiPiLi

  • Race: Protoss Protoss
  • League: Grandmaster
  • Spawn Location: 7:00

Event: DreamHack SC2 Masters 2020 Fall

VOD

Have the link to the VOD?

Description

Time

  • Played on: Sept. 4, 2020, 5:53 p.m.
  • Length: 4:42

All games in this series

Show
View Real Time Build Order
Export as new Build Order

Nina Protoss - Winner!

Build Orders: Proxy Void Ray 

Get SALT Encoding   

  12  0:00  Probe  
  13  0:12  Probe  
  14  0:19  Pylon  
  14  0:24  Probe  
  15  0:37  Probe (Chrono Boost)  
  15  0:38  Gateway  
  16  0:46  Probe (Chrono Boost)  
  16  0:49  Assimilator  
  17  0:51  Probe  
  17  0:56  Assimilator  
  18  1:03  Probe (Chrono Boost)  
  19  1:09  Gateway  
  19  1:15  Probe (Chrono Boost)  
  20  1:19  Probe (Chrono Boost)  
  21  1:27  Cybernetics Core  
  21  1:29  Probe  
  22  1:37  Pylon  
  22  1:43  Probe  
  23  1:50  Pylon  
  23  2:04  Stalker  
  23  2:05  Stalker  
  27  2:15  Stargate  
  27  2:20  Warp Gate  
  27  2:30  Shield Battery  
  27  2:40  Stalker  
  27  2:42  Stalker  
  31  2:54  Shield Battery  
  31  3:00  Void Ray (Chrono Boost)  
  31  3:10  Pylon  
  35  3:28  Void Ray (Chrono Boost)  
  35  3:31  Shield Battery  
  39  3:47  Gateway  
  43  4:14  Stalker  
  43  4:16  Shield Battery  
  45  4:19  Pylon  
  45  4:23  Shield Battery  
  45  4:34  Stalker  
Show
View Real Time Build Order
Export as new Build Order

PiLiPiLi Protoss 

Build Orders: Nexus First, Proxy Void Ray 

Get SALT Encoding   

  12  0:00  Probe  
  13  0:12  Probe  
  14  0:22  Pylon  
  14  0:25  Probe  
  15  0:40  Probe (Chrono Boost)  
  16  0:49  Probe (Chrono Boost)  
  17  1:00  Nexus  
  17  1:10  Gateway  
  17  1:13  Probe  
  18  1:21  Assimilator  
  18  1:25  Probe  
  19  1:26  Assimilator  
  19  1:37  Probe  
  19  1:39  Gateway  
  20  1:49  Probe  
  21  1:58  Cybernetics Core  
  21  2:01  Probe  
  22  2:08  Pylon  
  22  2:13  Probe  
  23  2:17  Probe  
  24  2:25  Probe  
  25  2:33  Warp Gate (Chrono Boost)  
  25  2:35  Stargate  
  27  2:45  Stalker (Chrono Boost)  
  27  2:47  Stalker (Chrono Boost)  
  29  2:54  Shield Battery  
  29  3:05  Shield Battery  
  29  3:10  Void Ray (Chrono Boost)  
  32  3:23  Stalker  
  34  3:31  Pylon  
  34  3:40  Void Ray (Chrono Boost)  
  38  4:05  Cybernetics Core  
  38  4:14  Shield Battery  
  38  4:15  Stalker x2  
  42  4:20  Shield Battery  

Tags
 
Add a new tag
Caveats
  • Supply blocks, unpowered buildings, or Contaminate may cause inaccurate times.
  • Supply counts are checked every 10 seconds.